Unix NetHack Version 5.0.0-0 post-release - last build Jun 10 2026 00:39:30 (3ee93aec679c4c4259841fe613dc97188e26a321,branch:main).

Game began 2026-06-29 22:32:40, ended 2026-06-29 22:48:33.

Jinnora, neutral female human Wizard

                                                   #---------
                                                  ##%.......|
                                                   #|.......|      ---------
                                                   @|.......|      |....<..|
                                                   a|........######........|
                                                    |.......|####  ---------
                                                    |.......|
                                                    ---------

Jinnora the Conjurer      St:14 Dx:12 Co:13 In:18 Wi:10 Ch:10  Neutral
Dlvl:7  $:113 HP:0(36) Pw:45(58) AC:9  Xp:5/186 T:2261 

Latest messages:
 You feel a mild buzz.
 It bites the dog.
 The dog misses it.
 It bites the dog.
 You see here a hooded cloak.
 J - a hooded cloak.
 The housecat bites the dog.
 The housecat bites the dog.
 The dog is killed!
 Your housecat eats a dog corpse.
 You descend the stairs.
 That door is closed.
 That door is closed.
 In what direction? 6
 The door opens.
 You descend the stairs.
 Your housecat eats an egg.
 The stairs are solidly affixed.
 You swap places with your housecat.
 You see here an egg.
 Your housecat eats an egg.
 You see here a jade ring.
 K - a jade ring.
 You hit the gray ooze!
 In what direction? 4
 The spell hits the gray ooze!
 You kill the gray ooze!
 You hear a door open.
 You see here a small glob of gray ooze.
 There is a small glob of gray ooze here; eat it? [ynq] (n) y
 You have a very bad case of stomach acid.
 You finish eating the small glob of gray ooze.
 In what direction? 4
 The spell misses the giant spider.
 The housecat bites the giant spider.
 The giant spider misses the housecat.
 The giant spider bites!
 The housecat misses the giant spider.
 In what direction? 4
 The spell hits the giant spider!
 The housecat bites the giant spider.
 The giant spider is killed!
 There is a doorway here.
 You see here a giant spider corpse.
 It is hit.
 The giant beetle bites!
 You hit the giant beetle.
 The giant beetle bites!
 You die...
 Do you want your possessions identified? [ynq] (y) q

Inventory:
 Coins    ('$')
  $ - 113 gold pieces
 Weapons  (')')
  a - a blessed +1 quarterstaff (weapon in hands)
 Armor    ('[')
  D - an uncursed +0 pair of low boots
  b - an uncursed +0 cloak of magic resistance (being worn)
  J - an uncursed +0 dwarvish cloak
 Comestibles  ('%')
  u - 3 uncursed food rations
  B - an uncursed tripe ration
 Scrolls  ('?')
  H - an uncursed scroll of earth
  i - an uncursed scroll of enchant armor
  G - an uncursed scroll of genocide
  k - 3 uncursed scrolls of identify
  A - an uncursed scroll of light
  j - a blessed scroll of magic mapping
  y - an uncursed scroll of scare monster
 Spellbooks  ('+')
  m - a blessed spellbook of cure blindness
  l - a blessed spellbook of force bolt
  p - an uncursed spellbook of healing
  q - an uncursed spellbook of healing
 Potions  ('!')
  F - an uncursed potion of fruit juice
  s - 3 uncursed potions of healing
  r - 2 cursed potions of healing
  f - 2 uncursed potions of invisibility
  h - a blessed potion of levitation
  E - an uncursed potion of paralysis
  g - a blessed potion of polymorph
  o - 2 uncursed potions of water
 Rings    ('=')
  e - an uncursed ring of free action
  K - an uncursed +0 ring of increase damage
  d - an uncursed ring of see invisible
 Wands    ('/')
  c - an uncursed wand of sleep (0:7)
  z - an uncursed wand of striking (0:4)
 Tools    ('(')
  x - an empty uncursed sack
  n - an uncursed magic marker (0:21)
  v - an uncursed skeleton key
 Gems/Stones  ('*')
  I - an uncursed worthless piece of yellowish brown glass

Jinnora the Wizard's attributes:

Background:
 You were a Conjurer, a level 5 female human Wizard.
 You were neutral, on a mission for Thoth
 who was opposed by Ptah (lawful) and Anhur (chaotic).
 You were right-handed.
 You were in the Dungeons of Doom, on level 7.
 You entered the dungeon 2261 turns ago.
 It was nighttime.
 There was a full moon in effect when your adventure ended.
 You had 186 experience points, 134 more were needed to attain level 6.

Basics:
 You had 0 out of 36 hit points.
 You had 45 out of 58 energy points (spell power).
 Your armor class was 9.
 Your wallet contained 113 zorkmids.
 Autopickup was off.

Final Characteristics:
 Your strength was 14 (limit:18/100).
 Your dexterity was 12 (limit:18).
 Your constitution was 13 (limit:18).
 Your intelligence was 18 (limit:18).
 Your wisdom was 10 (limit:18).
 Your charisma was 10 (limit:18).

Final Status:
 You weren't hungry.
 You were unencumbered.
 You were wielding a quarterstaff.
 You had basic skill with quarterstaff.

Final Attributes:
 You were piously aligned.
 You were magic-protected.
 You were warded.
 You were lucky.
 You are dead.

Miscellaneous:
 You didn't encounter any bones levels.
 Total elapsed playing time was 15 minutes and 52 seconds.

Major events:
 Turn
    1: Jinnora the neutral female human Wizard entered the dungeon
 1251: attained the rank of Conjurer (level 3)
 1560: entered the Gnomish Mines
 2261: killed by a giant beetle

Spells:
 Name                 Level Category     Fail Retention
 force bolt             1   attack         0%   81%-90%
 cure blindness         2   healing       43%  76%-100%
 healing                1   healing        0%  76%-100%

Skills:
 Fighting Skills
   bare handed combat [Unskilled]
   riding             [Unskilled]
 Weapon Skills
   dagger             [Unskilled]
   knife              [Unskilled]
   axe                [Unskilled]
   short sword        [Unskilled]
   club               [Unskilled]
   mace               [Unskilled]
   quarterstaff       [Basic]
   polearms           [Unskilled]
   spear              [Unskilled]
   trident            [Unskilled]
   sling              [Unskilled]
   dart               [Unskilled]
   shuriken           [Unskilled]
 Spellcasting Skills
   attack spells      [Basic]
   healing spells     [Unskilled]
   divination spells  [Unskilled]
   enchantment spells [Basic]
   clerical spells    [Unskilled]
   escape spells      [Unskilled]
   matter spells      [Unskilled]

Voluntary challenges:
 Character rerolling was not enabled.
 You never genocided any monsters.
 You never polymorphed an object.
 You never changed form.
 You used no wishes.
Achievements:
 You entered a shop.
 You attained the rank of Conjurer.
 You entered the Gnomish Mines.

 The Dungeons of Doom: levels 1 to 7
    Level 1:
    Level 2:
       An altar, some fountains.
    Level 3:
       A general store.
    Level 4:
       A scroll shop, an altar, a fountain.
       Stairs down to The Gnomish Mines.
    Level 5:
       A fountain.
    Level 6:
    Level 7: <- You were here.
       Final resting place for
          you, killed by a giant beetle.
 The Gnomish Mines:
    Level 5:


Vanquished creatures:
  a giant spider
  a dog
  a rock piercer
  a fog cloud
  a shrieker
  a gray ooze
  a giant ant
  a little dog
  a dwarf
  a rabid rat
 an orc zombie
  2 hobbits
  3 large kobolds
  3 giant rats
  2 yellow molds
  2 red molds
  4 gnomes
  a gnome zombie
  3 geckos
  4 jackals
  a kobold
  3 goblins
  8 sewer rats
  7 grid bugs
  a bat
  2 lichens
  a kobold zombie
  6 newts
64 creatures vanquished.

No species were genocided or became extinct.

Game over:
                       ----------
                      /          \
                     /    REST    \
                    /      IN      \
                   /     PEACE      \
                  /                  \
                  |     Jinnora      |
                  |      113 Au      |
                  |   killed by a    |
                  |   giant beetle   |
                  |                  |
                  |                  |
                  |       2026       |
                 *|     *  *  *      | *
        _________)/\\_//(\/(/\)/\//\/|_)_______

Goodbye Jinnora the Wizard...

You died in The Dungeons of Doom on dungeon level 7 with 1156 points,
and 113 pieces of gold, after 2261 moves.
You were level 5 with a maximum of 36 hit points when you died.

